 Dungeon Crawl Stone Soup version 0.30-a0-696-g2367cd04db (webtiles) character file.

Game seed: 5922114340421909494

6202 nucleargodhead the Carver (level 10, 0/153 HPs)
             Began as a Minotaur Berserker on Jan 20, 2023.
             Was a High Priest of Trog.
             Slain by a killer bee (4 damage)
             ... on level 9 of the Dungeon.
             The game lasted 00:22:36 (8624 turns).

nucleargodhead the Carver (Minotaur Berserker)      Turns: 8624, Time: 00:22:37

Health: 0/153      AC: 29    Str: 21    XL:     10   Next: 61%
Magic:  9/9        EV:  2    Int:  4    God:    Trog [*****.]
Gold:   153        SH:  0    Dex: 15    Spells: 9/9 levels left

rFire   + . .      SeeInvis .    J - +5 great sword (flame)
rCold   . . .      Faith    .    (shield currently unavailable)
rNeg    . . .      Spirit   .    (body armour currently unavailable)
rPois   +          Reflect  .    (helmet currently unavailable)
rElec   .          Harm     .    (cloak currently unavailable)
rCorr   .          Rampage  .    (gloves currently unavailable)
Will    .....      NoTele   +    (boots currently unavailable)
Stlth   ++                       (no amulet)
HPRegen 0.45/turn                d - +4 ring of protection
MPRegen 0.11/turn                b - ring of protection from fire

@: lethally poisoned (0 -> -5), tree-form, on berserk cooldown, slowed, very
slow
A: stationary, stasis, torment immunity, boosted hp, (horns 2), (retaliatory
headbutt)
a: Renounce Religion, Berserk, Trog's Hand, Brothers in Arms


You were on level 9 of the Dungeon.
You worshipped Trog.
Trog was extremely pleased with you.
You were a tree.
You visited 1 branch of the dungeon, and saw 9 of its levels.

You collected 555 gold pieces.
You spent 402 gold pieces at shops.

Inventory:

Hand Weapons
 a - a +0 falchion
 v - a +2 quarterstaff of chaos
 D - the +7 great sword "Cosemob" {heavy, *Slow rF+ Int+6 Stlth+}
   (You bought it in a shop on level 5 of the Dungeon)

   Int:       It affects your intelligence (+6).
   rF:        It protects you from fire.
   *Slow:     It may slow you when you take damage.
   Stlth:     It makes you more stealthy.
 G - a +0 scimitar
 J - a +5 great sword of flaming (weapon)
Missiles
 t - a throwing net (quivered)
Armour
 h - a +0 buckler
 j - a +0 pair of boots (melded)
 s - a +2 pair of gloves (melded)
 w - a +0 cloak (melded)
 y - a +0 plate armour (melded)
 F - the +18 shield of the Gong {Loud rElec rN+ Will+ EV-5}
   (You found it on level 7 of the Dungeon)

   Loud:      It is deafeningly noisy when blocking attacks.
   EV:        It affects your evasion (-5).
   rElec:     It insulates you from electricity.
   rN:        It protects you from negative energy.
   Will:      It increases your willpower.
Jewellery
 b - a ring of protection from fire (right branch)
 d - a +4 ring of protection (left branch)
 H - a ring of flight
Wands
 n - a wand of paralysis (5)
Scrolls
 c - a scroll of summoning
 e - a scroll of enchant weapon
 g - 3 scrolls of noise
 l - a scroll of silence {unknown}
 m - 2 scrolls of teleportation
 o - a scroll of blinking {unknown}
 x - 2 scrolls of poison {unknown}
 z - a scroll of enchant armour {unknown}
 B - a scroll of vulnerability {unknown}
 C - 3 scrolls of magic mapping {unknown}
 I - a scroll of fear {unknown}
Potions
 f - 6 potions of brilliance
 i - 2 potions of curing
 k - 2 potions of lignification
 p - 3 potions of heal wounds
 q - 2 potions of degeneration
 r - 2 potions of berserk rage
 u - a potion of haste
 A - 2 potions of ambrosia {unknown}


   Skills:
 + Level 13.7 Fighting
 + Level 13.9 Long Blades
 - Level 2.4 Armour
 - Level 2.1 Dodging
 - Level 1.0 Stealth
 - Level 1.1 Shields


You had 9 spell levels left.
You didn't know any spells.
Your spell library was empty.

Dungeon Overview and Level Annotations

Branches:
Dungeon (9/15)             Temple (0/1) D:7
   Lair: D:8-11         Orc: D:9-12

Altars:
Gozag
Trog
Uskayaw
Yredelemnul

Shops:
D:5 :*(!

Annotations:
D:8 exclusion: 2 oklob plants


Innate Abilities, Weirdness & Mutations

You are a tree.
Your roots penetrate the ground, keeping you stationary.
You cannot be teleported.
You are immune to unholy pain and torment.
Your maximum health is greatly increased.
Your equipment is partially melded.
((You have a pair of horns on your head.))
((You reflexively headbutt those who attack you in melee.))


Message History

The killer bee poisons you!
The killer bee stings you but does no damage. x2
You feel very sick.
The killer bee buzzes angrily.
The killer bee stings you.
* * * LOW HITPOINT WARNING * * *
The killer bee stings you but does no damage.
The killer bee stings you.
* * * LOW HITPOINT WARNING * * *
The killer bee stings you but does no damage.
The killer bee barely misses you.
The killer bee stings you but does no damage.
The killer bee stings you.
* * * LOW HITPOINT WARNING * * *
You are lethally poisoned!
The killer bee poisons you! The killer bee closely misses you.
You furiously retaliate!
You headbutt the killer bee.
The killer bee stings you but does no damage.
There is a stone staircase leading up here.
Unknown command.
Okay, then.
Unknown command.
Okay, then.
Unknown command.
Really quaff the potion of lignification?
You turn into a tree.
Your +0 cloak melds into your body.
Your +2 pair of gloves melds into your body.
Your +0 pair of boots melds into your body.
Your +0 plate armour melds into your body.
Your roots penetrate the ground.
* * * LOW HITPOINT WARNING * * *
You feel very sick. The killer bee stings you.
* * * LOW HITPOINT WARNING * * *
The killer bee stings you but does no damage. x2
The killer bee stings you.
* * * LOW HITPOINT WARNING * * *
The killer bee stings you but does no damage. x7
The killer bee stings you.
You die...

.#...#......# #...#
....#.......# #...#
....~.......###########...#
............. .............
....(......# #+#####.#####
#.......# #.#.>.# #....y.y#
#.#...# +....yyy# #.#...#
#....yy♣# #.#...# #...$.yy#
#.#...# #....!..#
########.#...# +........
.........##'##
#.......................
...............####...###
.............. #...#
.............. #...# #...#


You could see 9 killer bees.

Vanquished Creatures
  The ghost of Pooter the Poker, a novice DsGl of Okawaru (D:7)
  2 vault sentinels (D:7)
  A rime drake (D:9)
  The ghost of Wiilli the Digger, a novice GrEE of Hepliaklqana (D:6)
  A hornet (D:7)
  A wyvern (D:9)
  A wraith (D:9)
  A steam dragon (D:6)
  A sky beast (D:7)
  2 orc warriors (D:9)
  2 ice beasts (D:9)
  3 black bears
  A centaur (D:7)
  2 phantoms
  4 kobold brigands
  3 bullfrogs
  3 gnoll sergeants
  2 necrophages
  A scorpion (D:6)
  4 wights (D:8)
  5 killer bees (D:8)
  A howler monkey (D:9)
  5 hounds
  3 centaur zombies (D:8)
  4 jellies
  Crazy Yiuf (D:5)
  10 orc priests
  A human zombie (D:8)
  2 gnoll boudas
  4 iguanas
  Ijyb (D:3)
  10 orc wizards
  3 killer bee zombies (D:8)
  A mummy (D:8)
  2 howler monkey zombies (D:8)
  26 gnolls
  11 adders
  A shadow imp (D:7)
  A white imp (D:7)
  4 ufetubi
  A dart slug (D:1)
  48 orcs
  4 endoplasms
  3 giant cockroaches
  16 goblins
  9 hobgoblins
  7 jackals
  25 kobolds
  3 quokkas
  7 ball pythons
  2 bats (D:3)
  5 frilled lizards
  7 rats
270 creatures vanquished.

Vanquished Creatures (others)
  A fungus (D:5)
  7 plants (D:8)
8 creatures vanquished.

Grand Total: 278 creatures vanquished

Notes
Turn   | Place    | Note
-------+----------+-------------------------------------------
     0 | D:1      | nucleargodhead the Minotaur Berserker began the quest for
                  | the Orb.
     0 | D:1      | Reached XP level 1. HP: 19/19 MP: 0/0
   154 | D:1      | Reached XP level 2. HP: 22/27 MP: 1/1
   522 | D:1      | Reached ** piety under Trog
   744 | D:2      | Reached XP level 3. HP: 30/34 MP: 2/2
   768 | D:2      | Identified the +2 robe of the Hills {rC+ rCorr Int+2}
  1452 | D:3      | Reached skill level 5 in Long Blades
  1452 | D:3      | Reached XP level 4. HP: 28/41 MP: 3/3
  1457 | D:3      | Reached skill level 5 in Fighting
  1662 | D:3      | HP: 2/42 [orc wizard/magic dart (6)]
  1664 | D:3      | Reached XP level 5. HP: 1/48 MP: 4/4
  2108 | D:3      | Noticed Ijyb
  2116 | D:3      | Killed Ijyb
  2117 | D:3      | Reached skill level 1 in Shields
  2311 | D:3      | Reached skill level 1 in Stealth
  2823 | D:4      | Reached *** piety under Trog
  2889 | D:4      | Reached XP level 6. HP: 56/57 MP: 5/5
  3619 | D:5      | Entered Level 5 of the Dungeon
  3675 | D:5      | Found Gadunyac's Assorted Antiques.
  3701 | D:5      | Reached XP level 7. HP: 45/64 MP: 6/6
  3815 | D:5      | Found Ewaikalo's Antique Weapon Emporium.
  3980 | D:5      | Found Divaur's Book Boutique.
  4195 | D:5      | Found Olurro's Distillery.
  4477 | D:5      | Found a runed translucent door.
  4478 | D:5      | Noticed Crazy Yiuf
  4485 | D:5      | Killed Crazy Yiuf
  4567 | D:6      | Identified the +1 whip of Agony {drain, Str+4 Int+3}
  4622 | D:5      | Bought a scroll labelled UGOGYCW XILUE for 17 gold pieces
  4622 | D:5      | Bought a scroll labelled HIMOHI NUJYN for 17 gold pieces
  4692 | D:6      | Reached XP level 8. HP: 75/75 MP: 7/7
  4875 | D:6      | Identified the +4 spear of Ycugown {drain, rPois rC+ Int+3}
  4993 | D:6      | Noticed Wiilli's ghost (novice GrEE)
  5037 | D:6      | Found a runed translucent door.
  5148 | D:6      | Reached skill level 10 in Long Blades
  5213 | D:6      | Found a bloodstained altar of Trog.
  5215 | D:6      | Found a hide-covered altar of Uskayaw.
  5421 | D:6      | Killed Wiilli's ghost
  5422 | D:6      | Reached skill level 10 in Fighting
  5560 | D:7      | Found a runed translucent gate.
  5561 | D:7      | Found a runed translucent gate.
  5590 | D:7      | Found a runed translucent gate.
  5591 | D:7      | Found an opulent altar of Gozag.
  5592 | D:7      | Noticed a hornet
  5592 | D:7      | Noticed Pooter's ghost (novice DsGl)
  5631 | D:7      | Killed Pooter's ghost
  5632 | D:7      | Reached XP level 9. HP: 67/86 MP: 8/8
  5896 | D:5      | Bought a bone great sword for 368 gold pieces
  5896 | D:5      | Identified the +7 great sword "Cosemob" {heavy, *Slow rF+
                  | Int+6 Stlth+} (You bought it in a shop on level 5 of the
                  | Dungeon)
  6173 | D:7      | Reached **** piety under Trog
  6411 | D:7      | Found a staircase to the Ecumenical Temple.
  6752 | D:7      | Noticed a vault sentinel
  6752 | D:7      | Noticed a vault sentinel
  6802 | D:7      | Killed a vault sentinel
  6804 | D:7      | Killed a vault sentinel
  7003 | D:7      | Found the +18 shield of the Gong {Loud rElec rN+ Will+
                  | EV-5}
  7031 | D:7      | Identified the +0 robe of the Stopping Gods {rElec rF+
                  | Regen+}
  7174 | D:8      | Reached XP level 10. HP: 67/96 MP: 9/9
  7704 | D:8      | Noticed an oklob plant
  8030 | D:8      | Reached ***** piety under Trog
  8051 | D:8      | Found a basalt altar of Yredelemnul.
  8217 | D:8      | Noticed an oklob plant
  8617 | D:9      | HP: 3/102 [wolf (3)]
  8624 | D:9      | HP: 5/153 [killer bee (3)]
  8624 | D:9      | Slain by a killer bee

Illustrated notes

Levels and vault maps discovered:
D:1:      tarquinn_simple_flora_water_c, layout_loops_cross, minmay_distorted
D:2:      layout_loops_ring
D:3:      kennysheep_goblin_castle, layout_loops_ring, st_stairs_2
D:4:      layout_gridville, minmay_misc_feat_iff
D:5:      layout_loops_ring, serial_shops, nicolae_shop_window_shopping,
          kennysheep_mini_moat, shop, nicolae_shop_hallway_stairs,
          uniq_crazy_yiuf_cottage
D:6:      layout_loops_cross, grunt_temple_overflow_open,
          hellmonk_ghost_happy_afterlife, chequers_serial_rivers_small_b
D:7:      layout_basic, temple_statues, ebering_ghost_gozag,
          hellmonk_guarded_unrand_gong
D:8:      layout_rooms, lemuel_mausoleum_altar_yredelemnul,
          serial_co_window_serial, co_window_corner_a, co_window_paths_a,
          co_window_of_opportunity_a, co_window_corner_a, co_window_paths_a,
          co_window_of_opportunity_a, co_window_unsneaky_path_a,
          co_window_unsneaky_path_a, co_window_of_opportunity_b,
          co_window_of_opportunity_c, co_window_paths_d, glass_columns_a,
          glass_columns_b, glass_columns_a, glass_columns_a, disabler_island
D:9:      layout_irregular_city, hellmonk_lair_entry_icy, minmay_lindwurm_lava

Skill      XL: |  1  2  3  4  5  6  7  8  9 10 |
---------------+-------------------------------+-----
Fighting       | 4 5 6 8 10 12 13 | 13.7
Long Blades    | 4 5 6 7 8 11 12 13 | 13.9
Shields        | 1 |  1.1
Stealth        | 1 |  1.0
Armour         | |  2.4
Dodging        | |  2.1

Action                   |  1- 3 |  4- 6 |  7- 9 | 10-12 || total
-------------------------+-------+-------+-------+-------++-------
Melee: Falchion          |    86 |   165 |   224 |       ||   475
       Headbutt          |    15 |    21 |    48 |    22 ||   106
       Great sword       |       |       |    57 |   113 ||   170
       Scimitar          |       |       |       |    41 ||    41
       Punch             |       |       |       |     2 ||     2
Invok: Berserk           |     1 |     4 |     9 |     2 ||    16
       Trog's Hand       |     1 |     2 |     6 |       ||     9
Evoke: Wand              |       |       |     2 |       ||     2
  Use: Scroll            |       |       |     7 |     7 ||    14
       Potion            |       |       |     1 |     4 ||     5
 Stab: Sleeping          |     2 |       |       |       ||     2
       Paralysed         |       |       |     3 |       ||     3
Armor: Animal skin       |    34 |    27 |       |       ||    61
       Scale mail        |       |    57 |    59 |       ||   116
       Ring mail         |       |    20 |       |       ||    20
       Plate armour      |       |       |   107 |   217 ||   324
       Skin              |       |       |       |     9 ||     9
Dodge: Dodged            |    52 |    87 |    82 |    80 ||   301
Block: Buckler           |    11 |    28 |    26 |       ||    65

Table legend: (Time is in decaauts)
 A = Elapsed time spent in this place.
 B = Non-inter-level travel time spent in this place.
 C = Inter-level travel time spent in this place.
 D = Time resting spent in this place.
 E = Time spent auto-exploring this place.
 F = Levels seen in this place.
 G = Mean time per level.
                   A        B        C        D        E       F      G
               +--------+--------+--------+--------+--------+-----+--------+
         Total |   8782 |   8257 |    525 |   1050 |   5354 |   9 |  975.8 |
       Dungeon |   8782 |   8257 |    525 |   1050 |   5354 |   9 |  975.8 |
               +--------+--------+--------+--------+--------+-----+--------+

Top non-repeatable levels by time:
     D:7: 1782 daAuts
     D:3: 1502 daAuts
     D:8: 1068 daAuts
     D:5: 1038 daAuts
     D:6: 933 daAuts
     D:4: 809 daAuts
     D:1: 719 daAuts
     D:2: 651 daAuts
     D:9: 276 daAuts
